 Dungeon Crawl Stone Soup version 0.25-a0-294-gea9b1ad (webtiles) character file.

Game seed: 13783295399184032068, levelgen mode: deterministic

98 Buxparty the Bolt Thrower (level 4, 0/37 HPs)
             Began as a Minotaur Hunter on Dec 17, 2019.
             Succumbed to a goblin's poison
             ... on level 2 of the Dungeon.
             The game lasted 00:11:53 (1078 turns).

Buxparty the Bolt Thrower (Minotaur Hunter)         Turns: 1078, Time: 00:11:54

Health: 0/37       AC:  3    Str: 17    XL:     4   Next: 44%
Magic:  3/3        EV: 12    Int:  8    God:
Gold:   25         SH:  0    Dex: 11    Spells: 3/3 levels left

rFire    . . .     SeeInvis .   a - +1 hand crossbow
rCold    . . .     Gourm    .   (no shield)
rNeg     . . .     Faith    .   c - +0 leather armour
rPois    .         Spirit   .   (helmet restricted)
rElec    .         Reflect  .   (no cloak)
rCorr    .         Harm     .   (no gloves)
MR       .....                  (no boots)
Stlth    +.........             (no amulet)
HPRegen  0.12/turn              (no ring)
MPRegen  0.08/turn              (no ring)

@: lethally poisoned (0 -> -5)
A: retaliatory headbutt, horns 2
a: no special abilities


You were on level 2 of the Dungeon.
You were not hungry.

You visited 1 branch of the dungeon, and saw 2 of its levels.

You collected 25 gold pieces.

Inventory:

Hand Weapons
 a - a +1 hand crossbow (weapon)
 b - a +0 short sword
 d - a +0 dagger
 i - a +0 hunting sling
Missiles
 h - 4 bolts (quivered)
 j - 30 arrows
Armour
 c - a +0 leather armour (worn)
Scrolls
 e - a scroll of amnesia {unknown}
 k - a scroll of enchant armour {unknown}
 l - a scroll of random uselessness {unknown}
 m - a scroll of fear {unknown}
Potions
 g - 2 potions of flight
Comestibles
 f - 3 rations


   Skills:
 + Level 2.6 Fighting
 * Level 6.2 Crossbows
 + Level 1.2 Armour
 + Level 2.2 Dodging
 + Level 0.7 Stealth


You had 3 spell levels left.
You didn't know any spells.
Your spell library was empty.

Dungeon Overview and Level Annotations

Branches:
Dungeon (2/15)

Altars:


Innate Abilities, Weirdness & Mutations

You reflexively headbutt those who attack you in melee.
You have a pair of horns on your head.


Message History

You feel sick. The frilled lizard barely misses you.
* * * LOW HITPOINT WARNING * * *
You feel sick.
* * * LOW HITPOINT WARNING * * *
You feel sick.
* * * LOW HITPOINT WARNING * * *
You feel sick.
* * * LOW HITPOINT WARNING * * *
You feel sick.
* * * LOW HITPOINT WARNING * * *
You feel sick.
* * * LOW HITPOINT WARNING * * *
You feel sick.
* * * LOW HITPOINT WARNING * * *
You feel sick.
* * * LOW HITPOINT WARNING * * *
You feel sick.
Things that are here:
a +0 club; a hobgoblin corpse You die...

#.#####......†..†.
#..............###
#.##############
#.# #.# #g# #l#
#.# #@# #.#
#.##### #.....#
#####.# #.# #.#
##### #.#
##...####.######


You could see a goblin and a frilled lizard.

Vanquished Creatures
  Terence (D:2)
  4 gnolls (D:2)
  A dart slug (D:1)
  4 bats
  5 goblins
  8 hobgoblins
  2 kobolds
  A frilled lizard (D:1)
  6 rats (D:1)
32 creatures vanquished.

Notes
Turn   | Place    | Note
-------+----------+-------------------------------------------
     0 | D:1      | Buxparty the Minotaur Hunter began the quest for the Orb.
     0 | D:1      | Reached XP level 1. HP: 18/18 MP: 0/0
   257 | D:1      | Reached XP level 2. HP: 25/25 MP: 1/1
   275 | D:1      | You fall into a shaft and drop 1 floor!
   275 | D:2      | Noticed Terence
   283 | D:2      | Killed Terence
   283 | D:2      | Reached skill level 5 in Crossbows
   283 | D:2      | Reached XP level 3. HP: 30/30 MP: 2/2
   356 | D:2      | Reached skill level 6 in Crossbows
   403 | D:1      | Reached XP level 4. HP: 17/37 MP: 3/3
   895 | D:2      | Reached skill level 1 in Armour
  1074 | D:2      | HP: 1/37 [poisoned by a goblin]
  1078 | D:2      | Succumbed to a goblin's poison

Levels and vault maps discovered:
D:1:      dpeg_arrival_boxes_within_box, layout_loops_corners
D:2:      layout_loops_ring, chequers_temple_overflow_statue_of_worship,
          overflow_temple_1_default, old_standard_altar,
          kennysheep_generic_room_6, uniq_terence

Skill      XL: |  1  2  3  4 |
---------------+-------------+-----
Crossbows      | 5 6 |  6.2
Armour         | 1 |  1.2
Fighting       | |  2.6
Dodging        | |  2.2
Stealth        | |  0.7

Action                   |  1- 3 |  4- 6 || total
-------------------------+-------+-------++-------
Melee: Short sword       |       |    20 ||    20
       Headbutt          |       |     4 ||     4
 Fire: Hand crossbow     |    35 |    14 ||    49
  Use: Scroll            |       |     1 ||     1
       Potion            |       |     1 ||     1
Armor: Leather armour    |     5 |     9 ||    14
Dodge: Dodged            |    15 |    20 ||    35

Table legend:
 A = Non-vault XP
 B = Vault XP
 C = Vault XP percentage of total XP
 D = Non-vault monster count
 E = Vault monster count
 F = Vault count percentage of total count
                 A         B        C        D         E       F
            +---------+---------+-------+---------+---------+-------
      Total |     105 |      36 |  25.5 |      31 |       1 |   3.1
            +---------+---------+-------+---------+---------+-------
        D:1 |      32 |       0 |   0.0 |      19 |       0 |   0.0
        D:2 |      73 |      36 |  33.0 |      12 |       1 |   7.7
            +---------+---------+-------+---------+---------+-------
